| TOP OF THE 1ST |
|
Columbus Clippers batting - Pitching for Buffalo Bisons : RHP Bobby Wright
|
|
Pitching: RHP Bobby Wright
|
|
|
Batting: RHB Rafael Medina
|
0-0: Ball 1-0: Ball 2-0: Foul Ball, location: 2F 2-1: Ball 3-1: Base on Balls
|
|
Batting: RHB Tristan Dennis
|
0-0: Ball 1-0: Ground out 6-3 (Groundball, 56D, EV 104.4 MPH) Rafael Medina to second
|
|
Batting: RHB Miguel Trevino
|
0-0: Ball 1-0: Ball 2-0: Ball 3-0: Base on Balls
|
|
Batting: RHB Jason Savage
|
0-0: Ball 1-0: Fielders Choice at 2nd, 5-4 (Groundball, 56, EV 101.3 MPH) Rafael Medina to third
|
|
Batting: SHB Mike Gross
|
0-0: Ball 1-0: Called Strike 1-1: Ball 2-1: Ball 3-1: Foul Ball, location: 2F 3-2: Base on Balls Jason Savage to second
|
|
Batting: LHB Doug Frampton
|
0-0: Called Strike 0-1: Foul Ball, location: 2F 0-2: Ball 1-2: Ball 2-2: Ball 3-2: Strikes out swinging
|
| Top of the 1st over - 0 runs, 0 hits, 0 errors, 3 left on base; Columbus 0 - Buffalo 0 |
| BOTTOM OF THE 1ST |
|
Buffalo Bisons batting - Pitching for Columbus Clippers : RHP Drew Rickelman
|
|
Pitching: RHP Drew Rickelman
|
|
|
Batting: RHB Danny Burnside
|
0-0: Ground out 4-3 (Groundball, 4S, EV 82.5 MPH)
|
|
Batting: LHB Michael Byrd
|
0-0: Ball 1-0: Ball 2-0: Ball 3-0: Called Strike 3-1: Swinging Strike 3-2: Foul Ball, location: 2F 3-2: Foul Ball, location: 2F 3-2: SINGLE (Line Drive, 89S, EV 103.8 MPH)
|
|
Batting: LHB Josh Stuck
|
0-0: Ball Michael Byrd is caught stealing 2nd base 2-6 1-0: Ball 2-0: Foul Ball, location: 2F 2-1: Swinging Strike 2-2: Ball 3-2: Foul Ball, location: 2F 3-2: SINGLE (Line Drive, 9S, EV 108.1 MPH)
|
|
Batting: RHB Ryan Kinkead
|
0-0: Called Strike Josh Stuck is caught stealing 2nd base 2-4
|
| Bottom of the 1st over - 0 runs, 2 hits, 0 errors, 0 left on base; Columbus 0 - Buffalo 0 |
| TOP OF THE 2ND |
|
Columbus Clippers batting - Pitching for Buffalo Bisons : RHP Bobby Wright
|
|
Batting: RHB Chris Folse
|
0-0: Ball 1-0: Ball 2-0: Ball 3-0: Ground out 6-3 (Groundball, 56, EV 98.8 MPH)
|
|
Batting: RHB Nate Singleton
|
0-0: Ball 1-0: Foul Ball, location: 2F 1-1: SINGLE (Line Drive, 8RM, EV 105.0 MPH)
|
|
Batting: SHB Danny Simmons
|
0-0: Ball 1-0: Ball 2-0: Called Strike 2-1: Swinging Strike 2-2: Ball 3-2: Strikes out looking
|
|
Batting: RHB Rafael Medina
|
0-0: Called Strike 0-1: Ball 1-1: Ground out 4-3 (Groundball, 4, EV 83.8 MPH)
|
| Top of the 2nd over - 0 runs, 1 hit, 0 errors, 1 left on base; Columbus 0 - Buffalo 0 |
| BOTTOM OF THE 2ND |
|
Buffalo Bisons batting - Pitching for Columbus Clippers : RHP Drew Rickelman
|
|
Batting: RHB Ryan Kinkead
|
0-0: Called Strike 0-1: Foul Ball, location: 2F 0-2: Ball 1-2: Strikes out looking
|
|
Batting: LHB Yoshinari Nara
|
0-0: Called Strike 0-1: Ground out 6-3 (Groundball, 6, EV 87.5 MPH)
|
|
Batting: RHB Alex Ramos
|
0-0: Ball 1-0: Ball 2-0: Foul Ball, location: 2F 2-1: Foul Ball, location: 2F 2-2: DOUBLE (Groundball, 5L, EV 107.5 MPH)
|
|
Batting: RHB Mike Strey
|
0-0: Ball 1-0: Ball 2-0: DOUBLE (Groundball, 3L, EV 99.4 MPH) Alex Ramos scores
|
|
Batting: RHB Jon Aguilar
|
0-0: Ball 1-0: SINGLE (Line Drive, 8RS, EV 105.6 MPH) Mike Strey to third Runner from 3rd tries for Home, SAFE, throw by CF to home Jon Aguilar to second
|
|
Batting: RHB John Loving
|
0-0: Called Strike 0-1: Called Strike 0-2: Strikes out swinging
|
| Bottom of the 2nd over - 2 runs, 3 hits, 0 errors, 1 left on base; Columbus 0 - Buffalo 2 |
| TOP OF THE 3RD |
|
Columbus Clippers batting - Pitching for Buffalo Bisons : RHP Bobby Wright
|
|
Batting: RHB Tristan Dennis
|
0-0: DOUBLE (Line Drive, 89M, EV 107.5 MPH)
|
|
Batting: RHB Miguel Trevino
|
0-0: 2-RUN HOME RUN (Line Drive, 7D, EV 95.6 MPH), Distance : 375 ft
|
|
Batting: RHB Jason Savage
|
0-0: Called Strike 0-1: Ball 1-1: Called Strike 1-2: Ground out 6-3 (Groundball, 6, EV 81.3 MPH)
|
|
Batting: SHB Mike Gross
|
0-0: Ball 1-0: Swinging Strike 1-1: Foul Ball, location: 2F 1-2: Strikes out swinging
|
|
Batting: LHB Doug Frampton
|
0-0: Called Strike 0-1: Called Strike 0-2: Ball 1-2: Foul Ball, location: 2F 1-2: Ground out 5-3 (Groundball, 56, EV 83.8 MPH)
|
| Top of the 3rd over - 2 runs, 2 hits, 0 errors, 0 left on base; Columbus 2 - Buffalo 2 |
| BOTTOM OF THE 3RD |
|
Buffalo Bisons batting - Pitching for Columbus Clippers : RHP Drew Rickelman
|
|
Batting: RHB Danny Burnside
|
0-0: Ball 1-0: Swinging Strike 1-1: Ball 2-1: Ball 3-1: Base on Balls
|
|
Batting: LHB Michael Byrd
|
0-0: Ball Danny Burnside steals 2nd base 1-0: Called Strike 1-1: Ball 2-1: Called Strike 2-2: SINGLE (Groundball, 4MS, EV 66.3 MPH) (infield hit) Danny Burnside to third
|
|
Batting: LHB Josh Stuck
|
0-0: Called Strike 0-1: Ball 1-1: Ball 2-1: Called Strike 2-2: Ball 3-2: SINGLE (Flyball, 9LS, EV 90.6 MPH) Danny Burnside scores Michael Byrd to second Runner from 2nd tries for 3rd, SAFE, throw by RF made to third
|
|
Batting: RHB Ryan Kinkead
|
0-0: Called Strike 0-1: Called Strike 0-2: Fly out, F9 (Flyball, 9LM, EV 95.6 MPH) Runner from 3rd tags up, SCORES, throw by RF
|
|
Batting: LHB Yoshinari Nara
|
0-0: Ball Josh Stuck steals 2nd base 1-0: Ball 2-0: Foul Ball, location: 2F 2-1: Called Strike 2-2: Ground out U3 (Groundball, 3, EV 82.5 MPH) Josh Stuck to third
|
|
Batting: RHB Alex Ramos
|
0-0: Swinging Strike 0-1: Ball 1-1: Foul Ball, location: 2F 1-2: Ball 2-2: Foul Ball, location: 2F 2-2: Strikes out looking
|
| Bottom of the 3rd over - 2 runs, 2 hits, 0 errors, 1 left on base; Columbus 2 - Buffalo 4 |
| TOP OF THE 4TH |
|
Columbus Clippers batting - Pitching for Buffalo Bisons : RHP Bobby Wright
|
|
Batting: RHB Chris Folse
|
0-0: Ball 1-0: Ball 2-0: Foul Ball, location: 2F 2-1: Foul Ball, location: 2F 2-2: Strikes out swinging
|
|
Batting: RHB Nate Singleton
|
0-0: Called Strike 0-1: Ball 1-1: Called Strike 1-2: Ground out 1-3 (Groundball, 13S, EV 73.1 MPH)
|
|
Batting: SHB Danny Simmons
|
0-0: Ball 1-0: Called Strike 1-1: Ball 2-1: Swinging Strike 2-2: Strikes out swinging
|
| Top of the 4th over - 0 runs, 0 hits, 0 errors, 0 left on base; Columbus 2 - Buffalo 4 |
| BOTTOM OF THE 4TH |
|
Buffalo Bisons batting - Pitching for Columbus Clippers : RHP Drew Rickelman
|
|
Batting: RHB Mike Strey
|
0-0: Ball 1-0: Fly out, F8 (Flyball, 8RD, EV 93.1 MPH)
|
|
Batting: RHB Jon Aguilar
|
0-0: Called Strike 0-1: Fly out, F8 (Line Drive, 8RD, EV 106.9 MPH)
|
|
Batting: RHB John Loving
|
0-0: Ball 1-0: DOUBLE (Flyball, 8LD, EV 86.3 MPH)
|
|
Batting: RHB Danny Burnside
|
0-0: Ball 1-0: Foul Ball, location: 2F 1-1: Ball 2-1: Called Strike 2-2: Foul Ball, location: 2F 2-2: 2-RUN HOME RUN (Flyball, 8LXD, EV 113.1 MPH), Distance : 434 ft
|
|
Pitching: LHP Eric Larsen
|
|
|
Batting: LHB Michael Byrd
|
0-0: Foul Ball, location: 2F 0-1: Fly out, F7 (Flyball, 78S, EV 90.6 MPH)
|
| Bottom of the 4th over - 2 runs, 2 hits, 0 errors, 0 left on base; Columbus 2 - Buffalo 6 |
| TOP OF THE 5TH |
|
Columbus Clippers batting - Pitching for Buffalo Bisons : RHP Bobby Wright
|
|
Batting: RHB Rafael Medina
|
0-0: Called Strike 0-1: Called Strike 0-2: SINGLE (Flyball, 89S, EV 89.4 MPH)
|
|
Batting: RHB Tristan Dennis
|
0-0: Ball 1-0: Ball 2-0: Called Strike 2-1: Fly out, F9 (Flyball, 89S, EV 91.3 MPH)
|
|
Batting: RHB Miguel Trevino
|
0-0: Called Strike 0-1: Called Strike 0-2: Strikes out swinging
|
|
Batting: RHB Jason Savage
|
0-0: Ball 1-0: Called Strike 1-1: Called Strike 1-2: Foul Ball, location: 2F 1-2: Fly out, F9 (Line Drive, 9, EV 100.6 MPH)
|
| Top of the 5th over - 0 runs, 1 hit, 0 errors, 1 left on base; Columbus 2 - Buffalo 6 |
| BOTTOM OF THE 5TH |
|
Buffalo Bisons batting - Pitching for Columbus Clippers : LHP Eric Larsen
|
|
Batting: LHB Josh Stuck
|
0-0: Ball 1-0: Fly out, F7 (Flyball, 7LM, EV 94.4 MPH)
|
|
Batting: RHB Ryan Kinkead
|
0-0: Ball 1-0: Called Strike 1-1: Ball 2-1: Swinging Strike 2-2: Foul Ball, location: 2F 2-2: Strikes out swinging
|
|
Batting: RHB Greg Herzig
|
0-0: Ball 1-0: Ball 2-0: Ball 3-0: Base on Balls
|
|
Batting: RHB Alex Ramos
|
0-0: Ball 1-0: 2-RUN HOME RUN (Line Drive, 9D, EV 100.0 MPH), Distance : 391 ft
|
|
Pitching: RHP Bob Lattin
|
|
|
Batting: RHB Mike Strey
|
0-0: Ball 1-0: Foul Ball, location: 2F 1-1: Ball 2-1: Ball 3-1: Foul Ball, location: 2F 3-2: Fly out, F7 (Line Drive, 7D, EV 99.4 MPH)
|
| Bottom of the 5th over - 2 runs, 1 hit, 0 errors, 0 left on base; Columbus 2 - Buffalo 8 |
| TOP OF THE 6TH |
|
Columbus Clippers batting - Pitching for Buffalo Bisons : RHP Bobby Wright
|
|
Batting: SHB Mike Gross
|
0-0: Ball 1-0: Fly out, F8 (Flyball, 8LD, EV 81.9 MPH)
|
|
Batting: LHB Doug Frampton
|
0-0: SOLO HOME RUN (Flyball, 89XD, EV 98.8 MPH), Distance : 395 ft
|
|
Batting: RHB Chris Folse
|
0-0: Called Strike 0-1: Ball 1-1: Called Strike 1-2: Foul Ball, location: 2F 1-2: Foul Ball, location: 2F 1-2: Ball 2-2: Strikes out looking
|
|
Batting: RHB Nate Singleton
|
0-0: Ball 1-0: Ball 2-0: Called Strike 2-1: Ball 3-1: Foul Ball, location: 2F 3-2: Strikes out swinging
|
| Top of the 6th over - 1 run, 1 hit, 0 errors, 0 left on base; Columbus 3 - Buffalo 8 |
| BOTTOM OF THE 6TH |
|
Buffalo Bisons batting - Pitching for Columbus Clippers : RHP Bob Lattin
|
|
Batting: RHB Jon Aguilar
|
0-0: Ball 1-0: Called Strike 1-1: Ground out 5-3 (Groundball, 15, EV 93.1 MPH)
|
|
Batting: RHB John Loving
|
0-0: Called Strike 0-1: Ball 1-1: Ball 2-1: Ground out 5-3 (Groundball, 56S, EV 85.6 MPH)
|
|
Batting: RHB Danny Burnside
|
0-0: Ball 1-0: Ball 2-0: Ball 3-0: Called Strike 3-1: Base on Balls
|
|
Batting: LHB Michael Byrd
|
0-0: Ball Danny Burnside steals 2nd base 1-0: Called Strike 1-1: DOUBLE (Flyball, 89D, EV 103.8 MPH) Danny Burnside scores
|
|
Batting: LHB Josh Stuck
|
0-0: Ball 1-0: DOUBLE (Line Drive, 9LM, EV 102.5 MPH) Michael Byrd scores
|
|
Batting: RHB Ryan Kinkead
|
0-0: Ball 1-0: Called Strike 1-1: Ground out 4-3 (Groundball, 13, EV 85.6 MPH)
|
| Bottom of the 6th over - 2 runs, 2 hits, 0 errors, 1 left on base; Columbus 3 - Buffalo 10 |
| TOP OF THE 7TH |
|
Columbus Clippers batting - Pitching for Buffalo Bisons : RHP Bobby Wright
|
|
Pitching: RHP Fernando Torres
|
|
|
Batting: SHB Danny Simmons
|
0-0: Ball 1-0: Ground out 6-3 (Groundball, 56, EV 108.1 MPH)
|
|
Pinch Hitting: RHB David Schweitzer
|
0-0: Called Strike 0-1: Fly out, F6 (Line Drive, 6, EV 64.4 MPH)
|
|
Pinch Hitting: RHB Nick Murray
|
0-0: Ball 1-0: Ball 2-0: Called Strike 2-1: Ground out 1-3 (Groundball, 13, EV 67.5 MPH)
|
| Top of the 7th over - 0 runs, 0 hits, 0 errors, 0 left on base; Columbus 3 - Buffalo 10 |
| BOTTOM OF THE 7TH |
|
Buffalo Bisons batting - Pitching for Columbus Clippers : RHP Bob Lattin
|
|
Now at 2B: Nick Murray
|
|
|
Now at 3B: Eric Zacher
|
|
|
Batting: RHB Greg Herzig
|
0-0: Foul Ball, location: 2F 0-1: Foul Ball, location: 2F 0-2: Strikes out swinging
|
|
Pinch Hitting: RHB Fraco Munoz
|
0-0: Ball 1-0: Called Strike 1-1: Swinging Strike 1-2: Ball 2-2: Strikes out looking
|
|
Batting: RHB Mike Strey
|
0-0: Called Strike 0-1: Called Strike 0-2: Foul Ball, location: 2F 0-2: Foul Ball, location: 2F 0-2: Ground out 5-3 (Groundball, 56S, EV 87.5 MPH)
|
| Bottom of the 7th over - 0 runs, 0 hits, 0 errors, 0 left on base; Columbus 3 - Buffalo 10 |
| TOP OF THE 8TH |
|
Columbus Clippers batting - Pitching for Buffalo Bisons : RHP Fernando Torres
|
|
Now at 2B: John Loving
|
|
|
Now at 3B: Fraco Munoz
|
|
|
Batting: RHB Miguel Trevino
|
0-0: Ball 1-0: Foul Ball, location: 2F 1-1: Foul Ball, location: 2F 1-2: Foul Ball, location: 2F 1-2: Foul Ball, location: 2F 1-2: Ball 2-2: Foul Ball, location: 2F 2-2: Ground out 1-3 (Groundball, 23, EV 75.6 MPH)
|
|
Batting: RHB Jason Savage
|
0-0: Ball 1-0: Foul Ball, location: 2F 1-1: Fly out, F8 (Flyball, 8LXD, EV 108.8 MPH)
|
|
Batting: SHB Mike Gross
|
0-0: Fly out, F7 (Line Drive, 7, EV 89.4 MPH)
|
| Top of the 8th over - 0 runs, 0 hits, 0 errors, 0 left on base; Columbus 3 - Buffalo 10 |
| BOTTOM OF THE 8TH |
|
Buffalo Bisons batting - Pitching for Columbus Clippers : RHP Bob Lattin
|
|
Batting: RHB Jon Aguilar
|
0-0: Ball 1-0: Ball 2-0: Called Strike 2-1: Ground out 3-1 (Groundball, 34, EV 83.1 MPH)
|
|
Pitching: RHP Brian Hill
|
|
|
Batting: RHB John Loving
|
0-0: Ball 1-0: Ball 2-0: Swinging Strike 2-1: Swinging Strike 2-2: Strikes out looking
|
|
Batting: RHB Danny Burnside
|
0-0: Called Strike 0-1: SOLO HOME RUN (Flyball, 7D, EV 95.6 MPH), Distance : 370 ft
|
|
Batting: LHB Michael Byrd
|
0-0: Ball 1-0: Called Strike 1-1: Foul Ball, location: 2F 1-2: Ball 2-2: Foul Ball, location: 2F 2-2: Fly out, F8 (Flyball, 8RD, EV 105.6 MPH)
|
| Bottom of the 8th over - 1 run, 1 hit, 0 errors, 0 left on base; Columbus 3 - Buffalo 11 |
| TOP OF THE 9TH |
|
Columbus Clippers batting - Pitching for Buffalo Bisons : RHP Fernando Torres
|
|
Batting: LHB Doug Frampton
|
0-0: Ball 1-0: Called Strike 1-1: Ball 2-1: Foul Ball, location: 2F 2-2: Ball 3-2: Foul Ball, location: 2F 3-2: Base on Balls
|
|
Batting: RHB Chris Folse
|
0-0: Foul Ball, location: 2F 0-1: Ball 1-1: Called Strike 1-2: Ball 2-2: Strikes out looking
|
|
Pitching: RHP Doug Whitlatch
|
|
|
Pinch Hitting: LHB Anthony Mosley
|
0-0: Ball 1-0: Foul Ball, location: 2F 1-1: Called Strike 1-2: Ball 2-2: Foul Ball, location: 2F 2-2: Foul Ball, location: 2F 2-2: Foul Ball, location: 2F 2-2: 2-RUN HOME RUN (Flyball, 9D, EV 95.0 MPH), Distance : 360 ft
|
|
Batting: SHB Danny Simmons
|
0-0: Foul Ball, location: 2F 0-1: Foul Ball, location: 2F 0-2: Ball 1-2: Foul Ball, location: 2F 1-2: Ball 2-2: Ball 3-2: Foul Ball, location: 2F 3-2: Foul Ball, location: 2F 3-2: Foul Ball, location: 2F 3-2: Foul Ball, location: 2F 3-2: Strikes out swinging
|
|
Batting: LHB Eric Zacher
|
0-0: Swinging Strike 0-1: Ball 1-1: Foul Ball, location: 2F 1-2: Strikes out swinging, 2-3 out at first.
|
| Top of the 9th over - 2 runs, 1 hit, 0 errors, 0 left on base; Columbus 5 - Buffalo 11 |
|